 Dungeon Sprint DCSS version 0.30-a0-1043-g60ff8d5f49 (webtiles) character file.

Game seed: 13504119650762300181

0 dduke234 the Covered (level 2, -5/39 HPs)
             Began as a Demigod Fighter on Apr 10, 2023.
             Slain by Sigmund
             ... wielding a +0 scythe
              (10 damage)
             ... in the Dungeon (Sprint VI: "Thunderdome").
             The game lasted 00:01:39 (161 turns).

dduke234 the Covered (Demigod Fighter)               Turns: 161, Time: 00:01:39

Health: -5/39      AC:  6    Str: 17    XL:     2   Next: 9%
Magic:  1/1        EV:  9    Int: 10    God:
Gold:   200        SH:  5    Dex: 13    Spells: 1/1 levels left

rFire   . . .      SeeInvis .    o - +2 flail (antimagic)
rCold   . . .      Faith    .    c - +0 buckler
rNeg    . . .      Spirit   .    b - +0 scale mail
rPois   .          Reflect  .    (no helmet)
rElec   .          Rampage  .    (no cloak)
rCorr   .          NoTele   +    (no gloves)
Will    .....                    (no boots) Stlth
                                 (no amulet)
HPRegen 0.26/turn                (no ring)
MPRegen 0.07/turn                (no ring)

@: berserking, slowed
A: high MP 1, forlorn, divine attributes
a: no special abilities


You were in the Dungeon.
You visited 1 branch You collected 200 gold pieces.

Inventory:

Hand Weapons
 a - a +0 trident
 o - a +2 antimagic flail (weapon)
Armour
 b - a +0 scale mail (worn)
 c - a +0 buckler (worn)
Wands
 l - a wand of quicksilver (5)
 m - a wand of roots (5)
Scrolls
 j - 4 scrolls of blinking
 n - 3 scrolls of fog
Potions
 d - a potion of might
 e - a potion of curing
 g - 4 potions of haste
 h - 2 potions of magic
 k - a potion of resistance


   Skills:
 + Level 3.4 Fighting
 + Level 2.2 Polearms
 + Level 3.6 Armour
 + Level 3.4 Shields


You had one spell level left.
You didn't know any spells.
Your spell library was empty.

Dungeon Overview and Level Annotations

Branches:
Dungeon (1/1)

Shops:
D *[??*?*:[((!!!!

Annotations:
D Jessica, Sigmund


Innate Abilities, Weirdness & Mutations

You have an increased reservoir of magic. (+10% MP)
You shall have no god before yourself.
Your divine heritage dramatically boosts your attributes as you level up.


Message History

Jessica hits you with a +0 club.
* * * LOW HITPOINT WARNING * * *
Sigmund hits you but does no damage. Jessica closely misses you.
You are too injured to fight recklessly!
You feel much better.
Jessica's magic is no longer disrupted.
Jessica barely misses you. Sigmund hits you with a +0 scythe!
Jessica hits you with a +0 club.
You barely miss Jessica.
Jessica is severely wounded.
Jessica gestures wildly while chanting.
Jessica blinks!
Sigmund hits you but does no damage.
You barely miss Sigmund. Jessica hits you with a +0 club.
Sigmund barely misses you. Jessica hits you with a +0 club.
You barely miss Sigmund. 15... Jessica casts a spell at you.
You feel yourself slow down. Jessica barely misses you.
You block Sigmund's attack.
You hit Sigmund.
Sigmund's magic leaks into the air.
Sigmund is lightly wounded.
You block Jessica's attack. Jessica hits you with a +0 club.
Sigmund barely misses you. Jessica hits you but does no damage.
You sock Sigmund!
Sigmund's magic leaks into the air.
Sigmund is heavily wounded. 10...
You block Jessica's attack.
Jessica mumbles some strange words.
Jessica blinks!
Sigmund hits you but does no damage. x2
A red film seems to cover your vision as you go berserk!
You feel yourself moving faster!
You feel mighty!
Sigmund falters for a moment.
You closely miss Sigmund.
Sigmund is heavily wounded.
Sigmund hits you with a +0 scythe!
* * * LOW HITPOINT WARNING * * *
Jessica points at you and mumbles some strange words.
You barely resist. You sock Sigmund!
Sigmund's magic leaks into the air.
Sigmund is almost dead.
You block Jessica's attack. Sigmund hits you with a +0 scythe!
You die...

##.....## ##∩.....∩##
#∩.......∩# #_......._#
#_......._# #_......._#
###.........###
#⌠...........⌠#
######.8.@.......8.######
##.__....@@.###......___∩##
###∩........8.# #.8........∩#
##.............###............
#⌠..........###...###.........
#⌠..........# #.<.# #.........
#⌠..........###...###.........
##.............###............
###∩........8.# #.8........∩#


You could see Sigmund (magic disrupted) and Jessica (fast).

Vanquished Creatures
  A gnoll (D)
  An endoplasm (D)
  A goblin (D)
3 creatures vanquished.

Notes
Turn   | Place    | Note
-------+----------+-------------------------------------------
     0 | D        | dduke234 the Demigod Fighter began the quest for the Orb.
     0 | D        | Reached XP level 1. HP: 18/18 MP: 3/3
     5 | D        | Round 1.
     8 | D        | Found Duijivet's Distillery.
     8 | D        | Found Pyrus's Do-It-Yourself Clinic.
     9 | D        | Found Purigg's Distillery.
     9 | D        | Found Viyzxus's Bottled Wisdom.
    16 | D        | Found Ronyag's Weapon Rack.
    17 | D        | Found Fyjo's Premium Goods.
    17 | D        | Found Qosuhoima's Basic Armour.
    17 | D        | Found Vuiprod's Miscellaneous Merchandise.
    39 | D        | Found Hotiqith's Identification Station.
    41 | D        | Found Borat's Advanced Armour.
    41 | D        | Found Gossyas's Jewellery.
    75 | D        | Reached XP level 2. HP: 20/26 MP: 1/4
    95 | D        | Found Cus Gise's Staff Store.
   109 | D        | Found Iwucoijo's Must-Have Magic.
   109 | D        | Found Aseliff's Magic Scroll Shop.
   111 | D        | Found Inlemar's Magic Scroll Shop.
   127 | D        | Noticed Jessica
   134 | D        | Noticed Sigmund
   161 | D        | Slain by Sigmund

Illustrated notes

Levels and vault maps discovered:
D:        arena_sprint

Skill      XL: |  1 |
---------------+----+-----
Fighting       | 3 |  3.4
Polearms       | 2 |  2.2
Armour         | 3 |  3.6
Shields        | 3 |  3.4

Action                     || total
---------------------------++-------
  Melee: Trident           ||     8
         Flail             ||    19
    Use: Potion            ||     5
 Armour: Scale mail        ||     8
  Dodge: Dodged            ||    16
  Block: Buckler           ||     9

Table legend: (Time is in decaauts)
 A = Elapsed time spent in this place.
 B = Non-inter-level travel time spent in this place.
 C = Inter-level travel time spent in this place.
 D = Time resting spent in this place.
 E = Time spent auto-exploring this place.
 F = Levels seen in this place.
 G = Mean time per level.
                   A        B        C        D        E       F      G
               +--------+--------+--------+--------+--------+-----+--------+
         Total |    172 |    172 |      0 |      0 |      9 |   1 |  172.0 |
       Dungeon |    172 |    172 |      0 |      0 |      9 |   1 |  172.0 |
               +--------+--------+--------+--------+--------+-----+--------+

Top non-repeatable levels by time:
       D: 172 daAuts
